Map: Hardwire LE

Players

LeDerp - Winner!

  • Race: Zerg Zerg
  • League: Diamond

Paladin

  • Race: Terran Terran
  • League: Diamond

VOD

Have the link to the VOD?

Description

Time

  • Played on: Jan. 31, 2022, 5:40 p.m.
  • Length: 34:18
Show
View Real Time Build Order
Export as new Build Order

LeDerp Zerg - Winner!

Build Orders: Hatch First 

Get SALT Encoding   

  12  0:00  Drone  
  13  0:08  Drone  
  14  0:16  Overlord  
  14  0:35  Drone x3  
  17  0:46  Drone  
  18  0:57  Drone, Hatchery  
  18  1:07  Drone  
  19  1:13  Spawning Pool  
  18  1:24  Drone  
  19  1:29  Drone  
  20  1:36  Extractor  
  20  1:40  Drone  
  20  1:52  Overlord  
  20  2:00  Queen  
  22  2:08  Overlord  
  22  2:09  Overlord  
  22  2:10  Queen  
  24  2:20  Drone  
  24  2:21  Drone  
  26  2:23  Drone  
  27  2:32  Extractor  
  26  2:45  Queen, Drone  
  29  2:55  Metabolic Boost  
  29  3:03  Extractor  
  28  3:09  Queen  
  30  3:14  Drone x3  
  30  3:15  Drone x3  
  30  3:16  Hatchery  
  35  3:22  Extractor  
  35  3:25  Queen  
  37  3:27  Zergling x2  
  37  3:30  Zergling x2  
  39  3:43  Extractor  
  39  3:49  Queen  
  39  3:51  Drone x5  
  46  4:04  Hatchery  
  46  4:07  Zergling x4  
  47  4:15  Lair  
  47  4:19  Extractor  
  47  4:20  Drone  
  47  4:25  Queen  
  47  4:28  Overlord  
  47  4:29  Overlord  
  49  4:40  Drone x3  
  49  4:41  Baneling Nest  
  49  4:42  Drone  
  49  4:43  Drone x3  
  55  4:58  Zergling x2  
  55  4:59  Zergling x14  
  61  5:27  Baneling x2  
  61  5:28  Zergling x2, Baneling x3  
  58  5:29  Zergling x8  
  58  5:32  Drone x5  
  58  5:33  Drone x5  
  73  5:40  Pneumatized Carapace  
  73  5:48  Centrifugal Hooks  
  73  5:51  Drone x3, Hydralisk Den, Spore Crawler  
  73  5:55  Overlord  
  74  5:58  Spore Crawler  
  74  6:01  Drone  
  74  6:02  Drone x6  
  80  6:04  Overlord  
  80  6:05  Overlord  
  80  6:29  Overlord x2  
  80  6:30  Overlord  
  80  6:33  Drone x3  
  80  6:36  Extractor  
  80  6:37  Extractor, Muscular Augments  
  81  6:40  Evolution Chamber  
  81  6:42  Evolution Chamber  
  81  6:43  Evolution Chamber  
  81  6:44  Drone x4  
  81  6:45  Drone x5  
  87  6:49  Extractor  
  87  6:50  Extractor  
  85  6:55  Drone x3  
  85  6:56  Drone x3  
  85  6:57  Drone x3  
  85  6:58  Drone x3, Infestation Pit  
  96  7:03  Baneling x3  
  96  7:21  Drone x2  
  96  7:22  Drone x3  
  101  7:23  Drone  
  101  7:24  Overlord x5  
  101  7:25  Overlord  
  101  7:33  Zerg Missile Weapons Level 1, Zerg Melee Weapons Level 1  
  101  7:37  Drone x2, Extractor x2  
  101  7:38  Drone  
  101  7:39  Drone  
  101  7:40  Overlord x4  
  103  7:44  Drone x3  
  103  7:45  Drone x2  
  103  7:48  Grooved Spines  
  108  7:51  Spore Crawler  
  107  8:01  Overlord x4  
  107  8:04  Hydralisk x3  
  107  8:05  Hydralisk x3, Zergling x10  
  124  8:17  Baneling x6  
  108  8:27  Hydralisk  
  108  8:28  Hydralisk x5, Zergling x8  
  108  8:29  Zergling x2  
  124  8:46  Zerg Ground Armor Level 1  
  124  8:51  Lurker Den, Drone x2  
  124  8:52  Drone  
  124  8:53  Drone x2  
  125  8:56  Hatchery  
  125  9:01  Overlord x4  
  125  9:02  Overseer x3  
  124  9:04  Drone x2  
  124  9:05  Drone x4  
  124  9:06  Hive  
  129  9:29  Zerg Missile Weapons Level 2, Zerg Melee Weapons Level 2  
  129  9:30  Hatchery x2  
  127  9:38  Zergling x6  
  127  9:39  Zergling x6  
  132  9:50  Hydralisk x6  
  144  10:17  Spore Crawler x2  
  139  10:34  Hydralisk  
  139  10:35  Hydralisk x16  
  147  10:41  Evolution Chamber x2  
  165  10:42  Evolution Chamber x2  
  165  10:43  Zerg Ground Armor Level 2  
  165  10:45  Evolution Chamber  
  162  10:50  Viper x2  
  162  10:55  Zergling x20  
  178  11:01  Drone x4  
  178  11:02  Drone  
  166  11:22  Viper x3  
  174  11:28  Overlord  
  174  11:29  Overlord x3  
  174  11:30  Adrenal Glands  
  173  11:37  Spine Crawler x2  
  173  11:38  Zergling x2  
  173  11:39  Zergling x26  
  185  11:41  Drone x10  
  185  11:42  Drone x3  
  185  11:44  Extractor  
  185  11:46  Extractor  
  157  12:17  Hydralisk x6, Zergling x6  
  157  12:18  Hydralisk x7, Zergling x12  
  157  12:19  Zergling x8  
  180  12:34  Hydralisk x6, Zergling x4  
  180  12:35  Zergling x6  
  197  12:38  Baneling  
  197  12:39  Baneling x13  
  169  12:55  Hydralisk x2  
  169  12:57  Hydralisk x2  
  132  13:19  Hydralisk  
  127  13:20  Hydralisk  
  127  13:26  Hydralisk x6  
  127  13:27  Hydralisk  
  120  13:39  Zergling x6  
  120  13:40  Baneling  
  120  13:41  Baneling x9  
  114  13:44  Hydralisk x3  
  120  13:50  Hydralisk x2  
  120  13:51  Hydralisk  
  120  13:52  Hydralisk x4  
  120  13:53  Hydralisk  
  124  14:07  Hatchery  
  116  14:16  Hydralisk x3  
  101  14:26  Lurker Den  
  73  14:50  Spawning Pool  
  70  14:53  Drone x3  
  73  15:03  Drone  
  73  15:04  Drone x2  
  76  15:11  Overseer  
  76  15:14  Viper x2  
  76  15:17  Hydralisk Den  
  76  15:18  Drone x5  
  76  15:19  Drone x2, Extractor  
  76  15:20  Extractor  
  86  15:24  Drone  
  86  15:26  Seismic Spines  
  87  15:44  Drone, Hatchery  
  87  15:45  Drone x5  
  87  15:47  Lurker x2  
  87  15:48  Lurker  
  95  15:53  Drone x3  
  95  15:54  Drone x2  
  95  15:56  Drone x4  
  104  15:59  Extractor x2  
  102  16:12  Zerg Missile Weapons Level 3, Zerg Ground Armor Level 3  
  101  16:22  Hydralisk  
  101  16:23  Hydralisk x4  
  111  16:26  Zergling x20  
  120  16:45  Hydralisk x4, Zergling x2  
  120  16:46  Zergling x8  
  133  16:51  Lurker x4  
  133  16:52  Hatchery, Lurker  
  137  17:02  Queen x2  
  137  17:05  Drone x7  
  148  17:10  Drone  
  148  17:11  Drone x5  
  153  17:25  Viper x4  
  165  17:33  Drone x2  
  165  17:34  Drone x6  
  165  17:36  Extractor x2  
  170  17:55  Spore Crawler  
  170  17:58  Drone x3, Spore Crawler  
  170  17:59  Drone x3  
  174  18:24  Drone x3  
  174  18:26  Extractor  
  174  18:27  Extractor  
  175  18:29  Spine Crawler x2  
  173  18:36  Hatchery, Adaptive Talons  
  173  18:37  Extractor x2  
  170  18:45  Hydralisk x3  
  170  18:46  Hydralisk x7, Zergling x10  
  170  18:47  Zergling x8  
  172  19:59  Hydralisk x2  
  160  20:00  Hydralisk x5, Zergling x10  
  160  20:01  Zergling x4  
  181  20:12  Zerg Melee Weapons Level 3  
  178  20:35  Zergling x24  
  135  21:20  Hydralisk x2  
  135  21:21  Hydralisk x7, Zergling x12  
  135  21:22  Hydralisk x2, Zergling x10  
  139  21:29  Lurker Den  
  139  21:30  Hatchery, Hydralisk Den  
  139  21:31  Spawning Pool, Extractor  
  134  21:34  Extractor  
  119  21:49  Spine Crawler  
  111  21:56  Drone x3  
  113  22:08  Hydralisk x6  
  90  22:09  Hydralisk x7  
  90  22:10  Hydralisk x3  
  122  22:20  Hydralisk x3  
  122  22:21  Hydralisk Den  
  125  22:25  Hydralisk  
  125  22:27  Hydralisk  
  127  22:34  Spawning Pool  
  127  22:35  Extractor  
  118  22:37  Evolution Chamber  
  118  22:39  Evolution Chamber  
  118  22:40  Hydralisk  
  118  22:41  Hydralisk x8  
  122  22:57  Hydralisk  
  122  22:58  Hydralisk x6  
  91  23:05  Lurker Den  
  91  23:08  Hydralisk  
  91  23:11  Ultralisk Cavern  
  91  23:15  Drone  
  91  23:16  Drone x2  
  91  23:17  Drone x2  
  96  23:25  Spawning Pool  
  96  23:26  Hydralisk x6  
  96  23:27  Hydralisk x3  
  94  23:31  Drone  
  102  23:51  Hydralisk x3  
  102  23:53  Hydralisk x2  
  88  24:11  Drone x3  
  53  24:46  Hydralisk x2  
  53  24:47  Hydralisk x2  
  53  24:49  Lurker  
  53  24:50  Lurker  
  53  24:52  Drone x3  
  62  24:55  Hydralisk  
  64  25:14  Drone x3  
  66  25:16  Lurker x4  
  69  25:24  Hydralisk x3  
  69  25:28  Hydralisk x2  
  79  25:37  Lurker  
  80  25:44  Drone  
  75  25:51  Lurker x3  
  78  26:03  Hydralisk x2  
  82  26:14  Drone  
  82  26:16  Spawning Pool, Drone x3  
  79  26:34  Hydralisk x2  
  72  26:42  Drone x3  
  75  26:51  Lurker x2  
  71  27:04  Lair  
  65  27:43  Zergling x6  
  68  27:48  Ultralisk x3  
  86  28:02  Hydralisk Den  
  85  28:19  Ultralisk x2  
  97  28:20  Hatchery  
  96  28:33  Hydralisk  
  96  28:34  Hydralisk  
  96  28:35  Infestation Pit  
  99  28:41  Drone  
  99  28:42  Drone x2  
  102  28:54  Hydralisk x2  
  106  29:01  Lurker x2  
  105  29:16  Hive  
  105  29:18  Zergling x4  
  107  29:27  Overseer  
  107  29:28  Overseer  
  107  29:51  Hydralisk x3  
  107  29:52  Extractor  
  112  29:53  Extractor  
  112  29:54  Hydralisk  
  112  29:55  Hydralisk x2  
  117  30:16  Hatchery  
  115  30:23  Lurker x2  
  115  30:24  Lurker  
  98  30:54  Hydralisk x3, Zergling x2  
  98  30:55  Zergling x4  
  67  31:21  Hydralisk  
  67  31:22  Hydralisk  
  70  31:27  Hydralisk  
  69  31:38  Hydralisk  
  71  31:43  Lurker Den  
  71  31:46  Spawning Pool, Extractor x2  
  67  31:47  Lair  
  67  31:53  Hydralisk x3  
  67  31:54  Zergling x6  
  72  32:04  Hatchery, Lurker x4  
  72  32:06  Hydralisk  
  77  32:27  Hydralisk x2  
  81  32:47  Zergling x2  
  79  32:58  Hydralisk  
  79  32:59  Hydralisk  
  79  33:01  Hive  
  80  33:09  Hydralisk  
  82  33:14  Hydralisk x3  
  88  33:21  Drone x2  
  90  33:28  Overseer x3  
  90  33:29  Overseer x2  
  90  33:32  Lurker  
  91  33:36  Extractor  
  91  33:38  Hydralisk  
  91  33:39  Hydralisk x4  
  97  33:55  Zergling x4  
  97  34:00  Zergling x2  
Show
View Real Time Build Order
Export as new Build Order

Paladin Terran 

Build Orders: Reaper Expand 

Get SALT Encoding   

  12  0:00  SCV  
  13  0:12  SCV  
  14  0:17  Supply Depot  
  14  0:24  SCV  
  15  0:38  SCV  
  15  0:40  Barracks  
  16  0:43  Refinery  
  16  0:51  SCV  
  17  1:03  SCV  
  18  1:15  SCV  
  19  1:27  Reaper, Orbital Command  
  20  1:40  Command Center  
  20  1:48  Supply Depot  
  20  1:53  SCV  
  21  1:59  Barracks Reactor  
  21  2:07  SCV  
  22  2:19  Barracks  
  22  2:21  Factory  
  22  2:24  Refinery  
  22  2:25  SCV  
  23  2:36  Marine x2  
  25  2:48  SCV  
  26  2:52  Orbital Command  
  26  2:56  Marine x2  
  28  3:00  Supply Depot  
  28  3:06  Starport  
  28  3:09  Barracks Tech Lab  
  28  3:14  SCV  
  28  3:16  Marine  
  28  3:19  Factory Reactor  
  30  3:22  Marine  
  30  3:26  SCV  
  32  3:30  Stimpack  
  32  3:33  Marine  
  33  3:37  Supply Depot  
  33  3:39  Marine  
  34  3:41  Marine  
  34  3:43  SCV  
  36  3:49  SCV  
  36  3:50  Refinery  
  37  4:02  Marine x2  
  37  4:03  Marine  
  40  4:11  SCV x2  
  40  4:14  Supply Depot  
  40  4:15  Medivac x2  
  40  4:16  Factory Reactor  
  46  4:21  Marine  
  46  4:23  SCV x2  
  49  4:24  Marine x2  
  51  4:36  SCV  
  51  4:37  SCV  
  53  4:40  Supply Depot  
  53  4:41  Marine  
  53  4:42  Marine  
  53  4:43  Marine  
  53  4:45  Medivac  
  58  4:46  Medivac  
  58  4:52  SCV x2  
  62  4:54  Widow Mine  
  62  4:55  Widow Mine  
  66  5:00  Marine  
  66  5:01  Engineering Bay  
  66  5:06  Engineering Bay  
  67  5:07  SCV  
  67  5:09  SCV  
  67  5:12  Supply Depot  
  60  5:28  SCV x2  
  60  5:29  Marine x2  
  60  5:30  Marine  
  60  5:31  Widow Mine x2, Medivac x2  
  60  5:34  Combat Shield  
  73  5:41  Terran Infantry Weapons Level 1  
  73  5:43  SCV  
  73  5:44  SCV  
  73  5:45  Refinery  
  73  5:49  Supply Depot  
  75  5:51  Marine x3  
  75  5:54  Widow Mine  
  75  5:55  Widow Mine  
  82  5:57  SCV x2  
  82  6:03  Terran Infantry Armor Level 1  
  84  6:09  SCV  
  85  6:12  Supply Depot  
  85  6:19  Marine x3  
  85  6:20  Widow Mine x2, Medivac  
  94  6:27  Barracks  
  94  6:29  Armory  
  94  6:49  Marine x3  
  94  6:50  Widow Mine  
  94  6:51  Widow Mine  
  101  6:59  Supply Depot  
  101  7:03  Supply Depot  
  101  7:07  SCV  
  102  7:17  Barracks Reactor  
  102  7:18  Command Center  
  102  7:20  SCV, Marine, Liberator x2  
  109  7:41  Terran Infantry Weapons Level 2  
  109  7:43  SCV x2  
  111  7:46  Marine  
  111  7:47  Marine x2  
  111  7:51  Widow Mine x2  
  118  7:52  Barracks  
  118  7:53  Barracks  
  118  7:59  Terran Infantry Armor Level 2  
  118  8:02  Supply Depot x2  
  118  8:20  SCV, Marine  
  118  8:21  SCV, Marine x2  
  118  8:22  Liberator  
  98  8:32  Marine  
  98  8:33  Marine  
  98  8:34  Widow Mine x2  
  98  8:38  Marine  
  99  8:52  Marine x2  
  99  8:53  Barracks Reactor  
  97  8:59  SCV x2  
  97  9:01  Barracks Tech Lab  
  97  9:02  Marine x3  
  101  9:03  Widow Mine  
  101  9:04  Widow Mine  
  106  9:13  Barracks  
  106  9:14  Barracks  
  106  9:15  SCV x2, Barracks  
  106  9:16  Supply Depot, Marine x2  
  110  9:17  Medivac x2  
  110  9:18  Supply Depot  
  110  9:19  Supply Depot, Marine  
  115  9:25  Orbital Command  
  115  9:27  SCV  
  115  9:28  SCV, Marine x3  
  115  9:30  Marine  
  115  9:31  Marine  
  121  9:35  Widow Mine  
  121  9:36  Widow Mine  
  126  9:48  Marine  
  126  9:49  Supply Depot, Factory, Marine x4  
  131  9:54  Supply Depot  
  131  9:55  Marine  
  131  9:57  Marine  
  131  9:58  Marauder  
  135  10:01  Concussive Shells  
  135  10:02  Barracks Tech Lab  
  135  10:03  Barracks Tech Lab, Barracks Reactor  
  135  10:06  Marine x2  
  137  10:11  Marine x2  
  137  10:12  Marine  
  137  10:13  Refinery  
  137  10:14  Refinery, Widow Mine  
  142  10:15  Widow Mine  
  142  10:21  Marauder x2  
  142  10:35  Widow Mine  
  142  10:39  Marine x6  
  142  10:41  Marauder x2  
  142  10:42  Factory Tech Lab, Widow Mine  
  154  10:43  Liberator  
  154  10:44  Marine x2, Liberator  
  162  10:55  Marine x2  
  164  11:05  Marine x4  
  164  11:06  Marine x2  
  164  11:07  Marauder x2  
  166  11:14  Marine  
  166  11:15  Marine x2  
  166  11:16  Marauder, Widow Mine x2  
  166  11:17  Widow Mine  
  177  11:27  Marine x3  
  177  11:28  Marine x2, Liberator x2  
  177  11:31  Marauder  
  189  11:38  Terran Infantry Weapons Level 3  
  189  11:45  Terran Infantry Armor Level 3  
  142  12:18  Marine x4  
  142  12:19  Marauder, Marine x2  
  142  12:20  Marauder x2  
  152  12:25  Marine x2  
  152  12:26  Widow Mine x2  
  152  12:27  Widow Mine, Medivac x2  
  164  12:37  Marine  
  164  12:38  Marine x5  
  152  13:02  Marine x3  
  152  13:03  Marine x4  
  152  13:04  Marauder x3  
  153  13:11  Marine x2  
  143  13:20  Marine x2  
  143  13:21  Marine  
  143  13:22  Marine x4  
  143  13:24  Marine  
  143  13:25  Marine  
  151  13:31  Marine  
  151  13:32  Marine x2  
  151  13:33  Widow Mine x3, Medivac  
  158  13:38  Marine  
  153  13:46  Marine x2  
  153  13:47  Marine x6  
  161  13:49  Marine  
  157  14:07  Marine x5  
  157  14:08  Marine x5  
  124  14:38  Marine x6  
  103  14:39  Marauder x4  
  103  14:40  Widow Mine x2, Medivac  
  103  14:41  Widow Mine, Medivac  
  101  14:51  Marine  
  101  14:52  Marine  
  95  15:01  Marine x3  
  95  15:02  Marine x6  
  95  15:03  Marine  
  95  15:04  Widow Mine x3  
  111  15:12  Marine  
  112  15:23  Command Center  
  112  15:25  SCV x3  
  112  15:26  Marine  
  112  15:28  Marauder, Barracks x2  
  119  15:29  Marauder, Barracks  
  119  15:30  Barracks  
  120  15:39  SCV  
  120  15:40  SCV x2, Marine x5  
  120  15:41  Marine x3  
  120  15:42  Marauder  
  137  15:43  Widow Mine x3, Medivac x2  
  145  15:50  Marauder, Marine x2  
  147  15:59  Marauder  
  147  16:00  Marine x3  
  147  16:01  Marine  
  147  16:02  Marine  
  147  16:03  Marine  
  155  16:06  Marauder  
  155  16:08  Widow Mine  
  155  16:10  Command Center  
  159  16:14  Marauder x2, Marine x2  
  159  16:16  Medivac  
  159  16:17  Medivac  
  169  16:20  Marine  
  169  16:22  Marine  
  171  16:36  Refinery, Ghost Academy  
  171  16:39  Planetary Fortress  
  171  16:44  Refinery  
  171  16:53  Marine x2  
  171  16:54  Marine x3  
  174  16:56  Marine  
  174  16:57  Marine  
  178  17:03  Refinery  
  184  17:10  Personal Cloaking  
  186  17:24  Refinery  
  186  17:30  Liberator  
  185  17:41  Unknown  
  185  17:42  Unknown  
  183  17:45  Unknown  
  183  17:51  Unknown  
  191  17:58  Liberator  
  194  18:05  Starport  
  194  18:08  Starport  
  194  18:12  Unknown  
  194  18:13  Unknown x2  
  194  18:14  Fusion Core  
  200  18:24  Unknown  
  200  18:32  Command Center  
  191  18:41  Unknown  
  191  18:42  Unknown  
  191  18:47  Unknown  
  193  19:16  Unknown x2  
  193  19:17  Unknown  
  192  19:18  Unknown  
  196  19:31  Barracks Tech Lab  
  185  19:39  Factory Reactor  
  185  19:46  Unknown  
  185  19:47  Unknown  
  185  19:56  Unknown x2  
  185  20:11  Starport Reactor  
  185  20:18  Starport Reactor  
  182  20:28  Unknown x4  
  180  20:29  Unknown  
  172  20:59  Unknown x2  
  172  21:00  Unknown x2  
  154  21:15  Marine x6  
  154  21:16  Marine x5  
  126  21:33  Marine x4  
  126  21:35  Marine x3  
  126  21:36  Marine  
  129  21:53  Marine x2  
  129  21:54  Marine x4  
  136  22:00  Marine  
  136  22:01  Marine  
  132  22:20  Marine x2  
  132  22:21  Unknown x2, Marine x5  
  132  22:22  Marine  
  140  22:23  Marine x3  
  141  22:40  Marine x5  
  141  22:42  Marauder x3  
  136  22:58  Marine x3  
  116  22:59  Marine x3  
  119  23:12  Marine x4  
  123  23:24  Marine x3  
  126  23:35  Marine  
  123  24:20  Unknown x2, Marine x2  
  123  24:21  Marine x2  
  121  24:47  Marine  
  121  24:48  Marine x6  
  121  24:49  Unknown x2, Marine  
  121  24:50  Marauder x3  
  137  25:07  Marauder  
  137  25:13  Marine x3  
  142  25:14  Marauder  
  142  25:17  Marine  
  143  25:29  Medivac  
  139  26:01  Medivac  
  139  26:02  Marauder x2  
  107  26:35  Marine x2  
  107  26:36  Marine x5  
  99  26:45  Starport Tech Lab  
  97  27:19  Marine  
  97  27:20  Marine x2  
  97  27:22  Orbital Command  
  103  27:45  Refinery  
  103  27:47  Refinery, Unknown x2  
  103  28:00  Raven  
  105  28:13  Orbital Command  
  105  28:18  Marine  
  105  28:19  Marine x6  
  112  28:20  Marine  
  112  28:23  Marine x2  
  117  28:36  Marine  
  117  28:38  Marine x3  
  117  28:39  Marine x2  
  117  28:40  Marauder  
  124  28:50  Unknown  
  128  29:10  Marine x3  
  128  29:11  Marine x2  
  128  29:12  Marauder, Marine x2  
  139  29:20  Unknown x2  
  141  29:38  Unknown  
  139  29:52  Raven  
  139  29:54  Unknown, Marine x6  
  139  29:55  Marauder x2  
  139  29:56  Marauder  
  153  30:33  Marine x2  
  153  30:34  Marine x5  
  117  31:00  Unknown x2  
  81  31:44  Unknown x2  
  81  31:48  Marine x3  
  81  31:49  Marine x3  
  81  31:50  Marine x3  
  81  31:51  Marine  
  81  31:52  Unknown, Marine  
  90  32:06  Marine x2  
  92  32:15  Marine x7  
  101  32:42  Unknown  
  98  32:57  Orbital Command  
  94  33:05  Marine x5  
  95  33:06  Marine x2  
  95  33:12  Unknown, Marine  
  101  33:25  SCV x3  
  104  33:27  Marine x2  
  104  33:28  Marine x4  
  104  33:31  Barracks Tech Lab, Unknown  
  114  33:42  Refinery  
  114  33:43  Refinery  
  97  34:01  Unknown  
  94  34:03  Unknown  
Tags
 
Add a new tag
Caveats
  • Supply blocks, unpowered buildings, or Contaminate may cause inaccurate times.
  • Supply counts are checked every 10 seconds.